 Dungeon Crawl Stone Soup version 0.29.1-2-gbd0b4ee654 (webtiles) character file.

Game seed: 16402441527197322199

45 hawla the Gusty (level 4, -2/49 HPs)
             Began as a Meteoran Air Elementalist on Dec 1, 2022.
             Slain by Robin
             ... wielding a +0 mace
              (6 damage)
             ... on level 2 of the Dungeon.
             The game lasted 00:03:05 (727 turns).

hawla the Gusty (Meteoran Air Elementalist)          Turns: 727, Time: 00:03:06

Health: -2/49      AC:  2    Str:  9    XL:     4   Next: 12%
Magic:  2/10       EV: 12    Int: 19    God:
Gold:   11         SH:  0    Dex: 14    Spells: 2/9 levels left

rFire   . . .      SeeInvis .   f - +0 short sword (holy)
rCold   . . .      Faith    .   (no shield)
rNeg    . . .      Spirit   .   a - +0 robe
rPois   .          Reflect  .   (no helmet)
rElec   .          Harm     .   (no cloak)
rCorr   .          Rampage  .   (no gloves)
Will    .....                   (no boots)
Stlth   ..........              (no amulet)
HPRegen 0.16/turn               (no ring)
MPRegen 0.12/turn               (no ring)

@: berserking, glowing, very quick
A: sense surroundings 1, otherworldly, glowing, explore regen
a: no special abilities


You were on level 2 of the Dungeon.
You visited 1 branch of the dungeon, and saw 3 of its levels.

You collected 51 gold pieces.
You spent 40 gold pieces at shops.

Inventory:

Hand Weapons
 f - a +0 short sword of holy wrath (weapon)
Armour
 a - a +0 robe (worn)
Potions
 b - a potion of magic
 d - a potion of might {unknown}
 e - a potion of cancellation {unknown}
 g - a potion of invisibility {unknown}
 h - a potion of brilliance


   Skills:
 - Level 0.1 Short Blades
 - Level 2.6 Dodging
 - Level 1.4 Stealth
 - Level 3.3 Spellcasting
 - Level 1.6 Conjurations
 + Level 4.8 Air Magic


You had 2 spell levels left.
You knew the following spells:

 Your Spells              Type           Power      Damage    Failure   Level
a - Shock                 Conj/Air       60%        1d6       4%          1
b - Static Discharge      Conj/Air       15%        3-5/arc   6%          2
c - Airstrike             Air            10%        2d(2-18)  21%         4

Your spell library contained the following spells:

 Spells                   Type           Power      Damage    Failure   Level
 Swiftness                Air            21%        N/A       6%          3


Dungeon Overview and Level Annotations

Branches:
Dungeon (3/15) Zot: 1070

Altars:

Shops:
D:2 *

Annotations:
D:2 Robin


Innate Abilities, Weirdness & Mutations

You passively map a small area around you.
You are easily found by Zot.
You glow in the dark.
You regain HP and MP as you explore.


Message History

You start waiting.
Magic restored.
You climb upwards.
Level annotation: Robin The goblin shoots a sling bullet.
The sling bullet hits you.
The goblin shoots a sling bullet.
The sling bullet barely misses you.
There is a stone staircase leading down here.
Unknown command.
Casting: Shock (safe; 4% risk of failure)
Confirm with . or Enter, or press ? or * to list all spells.
The hobgoblin is struck by an arc of lightning.
The hobgoblin is almost dead.
The hobgoblin hits you but does no damage.
The goblin shoots a sling bullet.
The sling bullet hits you.
Unknown command.
Casting: Static Discharge (safe; 6% risk of failure)
Confirm with . or Enter, or press ? or * to list all spells.
The hobgoblin is struck by an arc of lightning.
You kill the hobgoblin!
Robin hits you with a +0 mace.
Unknown command.
Casting: Static Discharge (safe; 6% risk of failure)
Confirm with . or Enter, or press ? or * to list all spells.
A blue arc grounds itself harmlessly.
Robin's horned helmet rattles.
Robin roars a battlecry!
The goblin goes into a battle-frenzy!
The goblin shoots a sling bullet.
The sling bullet hits you.
Casting: Static Discharge (safe; 6% risk of failure)
Confirm with . or Enter, or press ? or * to list all spells.
A blue arc grounds itself harmlessly.
Robin hits you with a +0 mace.
* * * LOW HITPOINT WARNING * * *
The goblin shoots a sling bullet.
The sling bullet hits you.
* * * LOW HITPOINT WARNING * * *
Unknown command.
It was a potion of berserk rage.
A red film seems to cover your vision as you go berserk!
You feel yourself moving faster!
You feel mighty! Robin hits you with a +0 mace.
You die...

######## #......#
##.####.###########
#.............@)..# *
#..######....))g......
#..# #...###g#..... *
#..## #...# ....... ,
###...# #...# ##....#
* ......# #...#
*..(.#,,
#.#...#####...# ...#
#.##[.........., ,
,..., , #.##.####### *


You could see Robin and a goblin (strong).

Vanquished Creatures
  An adder (D:2)
  A dart slug (D:1)
  An orc (D:2)
  A bat (D:2)
  3 endoplasms
  A giant cockroach (D:1)
  3 hobgoblins (D:2)
  2 ball pythons (D:1)
  A frilled lizard (D:2)
  10 goblins
  5 kobolds
  A rat (D:2)
30 creatures vanquished.

Notes
Turn   | Place    | Note
-------+----------+-------------------------------------------
     0 | D:1      | hawla the Meteoran Air Elementalist began the quest for the
                  | Orb.
     0 | D:1      | Reached XP level 1. HP: 14/14 MP: 5/5
   157 | D:1      | Reached XP level 2. HP: 20/20 MP: 4/6
   181 | D:1      | Reached skill level 4 in Air Magic
   455 | D:2      | Learned a level 2 spell: Static Discharge
   487 | D:2      | Found Hief's General Store.
   493 | D:2      | Reached XP level 3. HP: 22/26 MP: 1/8
   494 | D:2      | Bought a potion of brilliance for 40 gold pieces
   561 | D:2      | Identified the +2 leather armour "Tecineib" {Contam +Inv
                  | Str+2}
   586 | D:2      | Identified the +0 helmet of Noughts and Crosses {Fly rElec}
   586 | D:2      | Noticed Robin
   661 | D:2      | Reached XP level 4. HP: 23/33 MP: 5/9
   670 | D:3      | Learned a level 4 spell: Airstrike
   727 | D:2      | Slain by Robin

Illustrated notes

Levels and vault maps discovered:
D:1:      psy_arrival_radial01, layout_loops_corners, minmay_misc_feat_roman
D:2:      layout_loops_ring, serial_shops, nicolae_shop_behind_doors,
          uniq_jessica, uniq_robin, uniq_sigmund
D:3:      layout_basic, dreamdust_ecumenical_altar_grove, uniq_ijyb

Skill      XL: |  1  2 |
---------------+-------+-----
Air Magic      | 4 |  4.8
Spellcasting   | 3 |  3.3
Short Blades   | |  0.1
Dodging        | |  2.6
Stealth        | |  1.4
Conjurations   | |  1.6

Action                   |  1- 3 |  4- 6 || total
-------------------------+-------+-------++-------
Melee: Short sword       |     9 |       ||     9
 Cast: Shock             |    35 |     1 ||    36
       Static Discharge  |     5 |     5 ||    10
  Use: Potion            |       |     1 ||     1
Armor: Robe              |     8 |     3 ||    11
Dodge: Dodged            |    10 |     3 ||    13
